 Dungeon Crawl Stone Soup version 0.32-a0-329-ge6c31236d6 (webtiles) character file.

Game seed: 11303667543168858856

2382 zeratav the Mimic (level 9, 0/61 HPs)
             Began as an Octopode Shapeshifter on Feb 16, 2024.
             Slain by a yak (9 damage)
             ... on level 6 of the Dungeon.
             The game lasted 00:08:16 (5707 turns).

zeratav the Mimic (Octopode Shapeshifter)           Turns: 5707, Time: 00:08:17

Health: 0/61       AC:  1    Str: 17    XL:     9   Next: 45%
Magic:  9/9        EV: 23    Int: 12    God:
Gold:   259        SH:  0    Dex: 12    Spells: 8/8 levels left

rFire   + .          .
                       - Unarmed
rCold   . . .        s - melded +0 buckler
rNeg    . . .        (helmet restricted)
rPois   .            (no amulet)
rElec   .            C - +5 ring of evasion
rCorr   .            D - ring of protection from fire
SInv    .            (no ring)
Will    .....        (no ring)
Stlth   +            (no ring)
HPRegen 0.30/turn    (no ring)
MPRegen 0.11/turn    (no ring)
                     (no ring)

%: no passive effects
@: flux-form, glowing
A: glow, contaminating, almost no armour, amphibious, 8 rings, camouflage 1,
gelatinous body 1, (nimble swimmer 1), tentacles
a: Begin Untransformation


You were on level 6 of the Dungeon.
You were something dangerously unstable.
You visited 2 branches of the dungeon, and saw 7 of its levels.

You collected 259 gold pieces.


Innate Abilities, Weirdness & Mutations

You are something dangerously unstable.
You glow with magical radiation, making you easy to see and hit.
Foes you strike become dangerously contaminated with magical radiation.
You are incapable of wielding weapons or throwing items.
You cannot wear most types of armour.
You are amphibious.
You can wear up to eight rings at the same time.
Your skin changes colour to match your surroundings (Stealth+).
Your rubbery body absorbs attacks. (AC +1, EV +1)
((You are camouflaged when in or above water. (Stealth+)))
You have tentacles for arms and can constrict up to eight enemies at once.


   Skills:
 + Level 5.5 Fighting
 * Level 3.8 Dodging
 + Level 3.8 Unarmed Combat
 - Level 10.0 Shapeshifting


You had 8 spell levels left.
You didn't know any spells.
Your spell library contained the following spells:

 Spells                   Type           Power      Damage    Failure   Level
 Shock                    Conj/Air       0%         1d3       32%         1
 Frozen Ramparts          Ice            0%         1d1       69%         3
 Gell's Gravitas          Tloc           0%         N/A       69%         3
 Swiftness                Air            0%         N/A       69%         3
 Teleport Other           Tloc           0%         N/A       69%         3
 Airstrike                Air            0%         2d(0-16)  97%         4
 Anguish                  Hex/Necr       0%         N/A       97%         4
 Cause Fear               Hex            0%         N/A       97%         4
 Leda's Liquefaction      Alch/Erth      0%         N/A       97%         4
 Petrify                  Alch/Erth      0%         N/A       97%         4
 Metabolic Englaciation   Hex/Ice        0%         N/A       100%        5
 Dispersal                Tloc           0%         N/A       100%        6
 Enfeeble                 Hex            0%         N/A       100%        7

Inventory:

Missiles
 i - 10 poisoned darts (quivered) {throwing}
Armour
 s - a +0 buckler (melded)
   (You found it on level 4 of the Dungeon)
Jewellery
 C - a +5 ring of evasion (left tentacle)
   (You took it off an orc priest on level 6 of the Dungeon)
 D - a ring of protection from fire (right tentacle)
   (You found it on level 6 of the Dungeon)
Talismans
 b - a beast talisman
 c - a flux talisman (active)
 F - the death talisman "Anweisk" {rC+ Will+ Dex+2}
   (You found it on level 6 of the Dungeon)

   [talisman of death]

   Dex+2:     It affects your dexterity (+2).
   rC+:       It protects you from cold.
   Will+:     It increases your willpower.
Wands
 m - a wand of iceblast (12)
   (You found it on level 4 of the Dungeon)
 q - a wand of quicksilver (17)
   (You found it on level 4 of the Dungeon)
 y - a wand of polymorph (9)
   (You found it on level 5 of the Dungeon)
 B - a wand of flame (27)
   (You took it off Maggie on level 6 of the Dungeon)
Scrolls
 e - 3 scrolls of revelation {unknown}
 f - a scroll of fog
 h - a scroll of vulnerability {!r!r}
 k - 3 scrolls of immolation {!r!r}
 l - 3 scrolls of poison {!r}
 o - a scroll of identify {@r1}
 r - 2 scrolls of brand weapon {unknown}
 u - a scroll of amnesia {unknown}
 v - 3 scrolls of enchant weapon {unknown}
 w - 2 scrolls of teleportation {unknown}
 E - 3 scrolls of blinking {unknown}
Potions
 a - 3 potions of lignification {!q}
 d - a potion of resistance {unknown}
 g - a potion of heal wounds {unknown}
 j - 2 potions of might {unknown}
 n - a potion of mutation {unknown}
 p - a potion of brilliance {unknown}
 t - 2 potions of degeneration {unknown}
 x - a potion of cancellation {unknown}
 z - a potion of curing {unknown}
 A - a potion of haste {unknown}

Dungeon Overview and Level Annotations

Branches:
Dungeon (6/15) Zot: 25920  Temple (1/1) D:4 Zot: 5998

Altars:
Ashenzari
Elyvilon
Hepliaklqana
Kikubaaqudgha
Okawaru
Qazlal
Ru
Trog
Uskayaw
Vehumet
Wu Jian
Xom
The Shining One

Annotations:
D:4 2 transporters, BerryKnight's ghost, amateur MDWr

#$.Y.YY. ## ...Y... .. .....Y.
.# #..####.....# .##
..##...###..# ..######
#.#..##..##.# .......#
#.#.##.#..#.## .......#
#.#.#Y.##.#..#
.......######..#p##..#.#.#######
##.............#$!#.##)#.......#
...............##)[##[.#.......#
.#..............###)..##.......#
.#............>....####........#
#...............#.............#
##...............##.##.........#
.....#############..#..........#
.....#.....'........#..........#


You could see a yak (contam).


Message History

You tentacle-slap the troll.
The troll glows dangerously bright.
You squeeze the troll. The troll completely misses you. The troll misses you.
The troll completely misses you.
You tentacle-slap the troll.
The troll shudders as magic cascades through it!!
The troll twists and deforms.
You squeeze the troll! The troll completely misses you.
The troll barely misses you. The troll claws you.
* * * LOW HITPOINT WARNING * * *
HP[-1]
You take 1 damage, and now have 16/61 hp.
You tentacle-slap the troll.
The troll begins to glow.
The troll bites you.
* * * LOW HITPOINT WARNING * * *
The troll claws you.
* * * LOW HITPOINT WARNING * * *
The troll claws you.
* * * LOW HITPOINT WARNING * * *
HP[-6]
You take 6 damage, and now have 10/61 hp.
You tentacle-slap the troll but do no damage.
The troll glows dangerously bright.
You squeeze the troll.
You kill the troll!
Your Dodging skill increases to level 3!
Unknown command.
You start resting.
A yak comes into view.
HP[+34]
You regained 34 hp, and now have 44/61 hp.
You see here a +0 giant club {mace}.
HP[+1]
You start resting.
HP[+16]
Your hp is fully restored (61).
You see here a +0 giant club {mace}.
You now have 249 gold pieces (gained 10).
You see here a +0 morningstar {mace}.
You now have 259 gold pieces (gained 10).
A yak comes into view.
A yak comes into view.
The yak bellows! x2
F - the death talisman "Anweisk" {rC+ Will+ Dex+2}
r - 2 scrolls labelled NEORUQ CINEKH (gained 1)
You tentacle-slap the yak.
The yak begins to glow.
The yak closely misses you. The yak gores you!
HP[-8]
You take 8 damage, and now have 53/61 hp.
You tentacle-slap the yak.
The yak glows dangerously bright.
The yak barely misses you. The yak misses you.
You tentacle-slap the yak.
The yak shudders as magic cascades through it.
The yak twists and deforms.
The yak completely misses you. The yak misses you.
HP[+1]
You barely miss the yak. The yak misses you. The yak gores you.
HP[-2]
You take 2 damage, and now have 52/61 hp.
You tentacle-slap the yak but do no damage.
The yak begins to glow.
You tentacle-slap the yak.
The yak glows dangerously bright.
You squeeze the yak, but do no damage. The yak closely misses you.
The yak misses you.
You barely miss the yak. You squeeze the yak, but do no damage.
The yak gores you. The yak completely misses you.
HP[-1]
You take 1 damage, and now have 51/61 hp.
You barely miss the yak. You squeeze the yak. The yak misses you.
The yak completely misses you.
Unknown command.
You tentacle-slap the yak.
The yak shudders as magic cascades through it.
The yak twists and deforms.
The yak gores you! The yak closely misses you.
HP[-10]
You take 10 damage, and now have 41/61 hp.
You tentacle-slap the yak.
The yak begins to glow.
The yak misses you. The yak gores you.
HP[-5]
You take 5 damage, and now have 36/61 hp.
You tentacle-slap the yak.
The yak glows dangerously bright.
The yak misses you. The yak gores you.
HP[-2]
You take 2 damage, and now have 34/61 hp.
You tentacle-slap the yak but do no damage.
The yak shudders as magic cascades through it!
The yak twists and deforms.
The yak completely misses you. x2
You tentacle-slap the yak.
You kill the yak!
The yak gores you!
* * * LOW HITPOINT WARNING * * *
You hear a bellow!
HP[-16]
You take 16 damage, and now have 18/61 hp.
MASSIVE DAMAGE!! (PAUSE)
The yak attacks as it pursues you! The yak gores you!
* * * LOW HITPOINT WARNING * * *
You see here 3 stones {throwing}.
HP[-9]
You take 9 damage, and now have 9/61 hp.
You see here a murky inky potion.
You tentacle-slap the yak.
The yak begins to glow.
You squeeze the yak. The yak gores you!
You die...

Skill      XL: |  1  2  3  4  5  6  7  8  9 |
---------------+----------------------------+-----
Fighting       | 2 3 4 5 |  5.5
Shapeshifting  | 4 5 7 9 10 | 10.0
Dodging        | 3 |  3.8
Unarmed Combat | |  3.8

Action                     |  1- 3 |  4- 6 |  7- 9 || total
---------------------------+-------+-------+-------++-------
  Melee: Unarmed           |    48 |   119 |   163 ||   330
         Constrict         |    11 |    26 |    34 ||    71
         Tentacles         |     7 |    18 |    46 ||    71
         Punch             |     1 |     3 |     1 ||     5
  Throw: Dart              |       |     1 |       ||     1
  Evoke: Wand              |       |       |     2 ||     2
    Use: Scroll            |       |     4 |       ||     4
         Potion            |       |     1 |       ||     1
   Stab: Sleeping          |     7 |    11 |       ||    18
 Armour: Skin              |    17 |    59 |    64 ||   140
  Dodge: Dodged            |    16 |    75 |   153 ||   244
  Block: Buckler           |       |     3 |     9 ||    12
   Form: Flux              |       |       |     1 ||     1

Levels and vault maps discovered:
D:1:      arrival_aquarium_a, layout_basic, nrook_loot_triangle,
          serial_park_tiny_1
D:2:      layout_loops_ring, basic_altar
D:3:      layout_basic, nicolae_overflow_crystal_walls,
          mainiacjoe_overflow_divided_tiny, chequers_serial_rivers_room_a,
          grunt_ministairs_3
D:4:      layout_basic, nicolae_tso_carved_into_rock,
          minmay_temple_entry_enclosed_plants, gammafunk_ghost_mausoleum,
          uniq_natasha, uniq_sigmund
D:5:      layout_loops_ring, evilmike_ruin_ashenzari,
          serial_library_hellmonk_junction
D:6:      layout_gridville, nicolae_yredelemnul_corpse_copse,
          nemelex_xobeh_ov_fountains_minmay, makhleb_grotto_becter,
          mainiacjoe_overflow_paths, minmay_alternating_orb, uniq_maggie
Temple:   nicolae_temple_superstar

Notes
Turn   | Place    | Note
-------+----------+-------------------------------------------
     0 | D:1      | zeratav the Octopode Shapeshifter began the quest for the
                  | Orb.
     0 | D:1      | Reached XP level 1. HP: 13/13 MP: 1/1
     0 | D:1      | magus.rc [v1.9.6]
     7 | D:1      | Noticed an electric eel
    75 | D:1      | Reached skill level 2 in Fighting
    75 | D:1      | Reached XP level 2. HP: 19/19 MP: 2/2
   328 | D:1      | Reached XP level 3. HP: 14/25 MP: 3/3
   402 | D:1      | Reached skill level 3 in Fighting
  1186 | D:2      | Reached XP level 4. HP: 33/33 MP: 4/4
  1255 | D:2      | Found a sacrificial altar of Ru.
  1374 | D:2      | You pick up a book of Air and begin reading...
  1374 | D:2      | You add the spells Shock, Swiftness and Airstrike to your
                  | library.
  1428 | D:2      | Reached skill level 4 in Fighting
  1904 | D:3      | Found a bloodstained altar of Trog.
  2035 | D:3      | Found a stormy altar of Qazlal.
  2035 | D:3      | Found a shimmering altar of Xom.
  2061 | D:3      | Reached XP level 5. HP: 33/38 MP: 5/5
  2382 | D:3      | Reached skill level 5 in Fighting
  2528 | D:4      | Found a glowing golden altar of the Shining One.
  2560 | D:4      | Found a transporter.
  2560 | D:4      | Noticed BerryKnight's ghost (amateur MDWr)
  2640 | D:4      | Noticed Sigmund
  2672 | D:4      | Killed Sigmund
  2673 | D:4      | Reached skill level 4 in Shapeshifting
  2673 | D:4      | Reached XP level 6. HP: 45/45 MP: 6/6
  2728 | D:4      | You add the spells Gell's Gravitas, Teleport Other and
                  | Dispersal to your library.
  2736 | D:4      | Noticed Natasha
  2749 | D:4      | Killed Natasha
  2900 | D:4      | Noticed Natasha
  2913 | D:4      | Killed Natasha
  2914 | D:4      | Reached skill level 5 in Shapeshifting
  2974 | D:4      | Found a transporter.
  3100 | D:4      | Found a staircase to the Ecumenical Temple.
  3255 | Temple   | Entered the Ecumenical Temple
  3263 | D:4      | Noticed Natasha
  3271 | D:4      | Killed Natasha
  3543 | D:5      | Entered Level 5 of the Dungeon
  3655 | D:5      | Reached XP level 7. HP: 44/50 MP: 7/7
  3743 | D:5      | You pick up a book of Sloth and begin reading...
  3743 | D:5      | You add the spells Frozen Ramparts, Leda's Liquefaction,
                  | Petrify and Metabolic Englaciation to your library.
  4127 | D:5      | Reached skill level 6 in Shapeshifting
  4187 | D:5      | Found a broken altar of Ashenzari.
  4645 | D:6      | HP: 3/50 [ice beast (13)]
  4648 | D:6      | Reached skill level 7 in Shapeshifting
  4648 | D:6      | Reached XP level 8. HP: 4/55 MP: 8/8
  4921 | D:6      | Noticed Maggie
  4928 | D:6      | Killed Maggie
  4929 | D:6      | Reached skill level 8 in Shapeshifting
  4979 | D:6      | Found an ornate altar of the Wu Jian Council.
  5199 | D:6      | Noticed a yak
  5211 | D:6      | Killed a yak
  5212 | D:6      | Reached skill level 9 in Shapeshifting
  5215 | D:6      | Noticed a yak
  5215 | D:6      | Noticed a yak
  5263 | D:6      | Reached XP level 9. HP: 25/61 MP: 9/9
  5282 | D:6      | Reached skill level 10 in Shapeshifting
  5289 | D:6      | HP: 15/61 [acid (9)]
  5488 | D:6      | Noticed a troll
  5492 | D:6      | You pick up a book of Hexes and begin reading...
  5492 | D:6      | You add the spells Anguish, Cause Fear and Enfeeble to your
                  | library.
  5501 | D:6      | HP: 13/61 [troll (4)]
  5502 | D:6      | Killed a troll
  5503 | D:6      | Reached skill level 3 in Dodging
  5686 | D:6      | Identified the death talisman "Anweisk" {rC+ Will+ Dex+2}
  5705 | D:6      | HP: 9/61 [yak (10)]
  5707 | D:6      | Slain by a yak

Vanquished Creatures
  Maggie (D:6)
  A troll (D:6)
  Sigmund (D:4)
  2 yaks (D:6)
  A water moccasin (D:6)
  An ice beast (D:6)
  An ogre (D:6)
  A phantom (D:6)
  2 bullfrogs (D:6)
  A scorpion (D:5)
  A howler monkey (D:6)
  3 jellies
  A bombardier beetle (D:5)
  An orc priest (D:6)
  A gnoll bouda (D:5)
  7 hounds
  An iguana (D:6)
  2 orc wizards (D:6)
  Natasha (thrice) (D:4)
  3 gnolls (D:5)
  4 adders
  A white imp (D:6)
  4 ufetubi (D:5)
  4 ribbon worms
  4 dart slugs
  9 orcs
  12 ball pythons
  4 bats
  5 endoplasms
  5 giant cockroaches
  6 goblins
  5 hobgoblins
  6 jackals
  4 quokkas
  3 frilled lizards
  5 kobolds
  6 rats
122 creatures vanquished.

Table legend:
 A = Non-vault XP
 B = Vault XP
 C = Vault XP percentage of total XP
 D = Non-vault monster count
 E = Vault monster count
 F = Vault count percentage of total count
                 A         B        C        D         E       F
            +---------+---------+-------+---------+---------+-------
      Total |    1879 |    1525 |  44.8 |     104 |      18 |  14.8
            +---------+---------+-------+---------+---------+-------
        D:1 |      62 |       0 |   0.0 |      23 |       0 |   0.0
        D:2 |      79 |       0 |   0.0 |      22 |       0 |   0.0
        D:3 |      65 |       2 |   3.0 |      16 |       1 |   5.9
        D:4 |      98 |     260 |  72.6 |      11 |       2 |  15.4
        D:5 |     513 |       0 |   0.0 |      20 |       0 |   0.0
        D:6 |    1062 |    1263 |  54.3 |      12 |      15 |  55.6
            +---------+---------+-------+---------+---------+-------

Skill      XL: |  1  2  3  4  5  6  7  8  9 |
---------------+----------------------------+-----
Fighting       | 2 3 4 5 |  5.5
Shapeshifting  | 4 5 7 9 10 | 10.0
Dodging        | 3 |  3.8
Unarmed Combat | |  3.8

Action                     |  1- 3 |  4- 6 |  7- 9 || total
---------------------------+-------+-------+-------++-------
  Melee: Unarmed           |    48 |   119 |   163 ||   330
         Constrict         |    11 |    26 |    34 ||    71
         Tentacles         |     7 |    18 |    46 ||    71
         Punch             |     1 |     3 |     1 ||     5
  Throw: Dart              |       |     1 |       ||     1
  Evoke: Wand              |       |       |     2 ||     2
    Use: Scroll            |       |     4 |       ||     4
         Potion            |       |     1 |       ||     1
   Stab: Sleeping          |     7 |    11 |       ||    18
 Armour: Skin              |    17 |    59 |    64 ||   140
  Dodge: Dodged            |    16 |    75 |   153 ||   244
  Block: Buckler           |       |     3 |     9 ||    12
   Form: Flux              |       |       |     1 ||     1

Illustrated notes

Table legend:
 A = Kills in this place as a percentage of kills in the entire game.
 B = Kills by you in this place as a percentage of kills by you in the entire game.
 C = Kills by friends in this place as a percentage of kills by friends in the entire game.
 D = Other kills in this place as a percentage of other kills in the entire game.
 E = Experience gained in this place as a percentage of experience gained in the entire game.
 F = Experience gained in this place divided by the number of levels of this place that you have seen.
                   A       B       C       D       E      F
               +-------+-------+-------+-------+-------+----------------------
         Total | 100.0 | 100.0 |   N/A |   N/A | 100.0 | 486.3
       Dungeon | 100.0 | 100.0 |   N/A |   N/A | 100.0 | 567.3
               +-------+-------+-------+-------+-------+----------------------

Table legend: (Time is in decaauts)
 A = Elapsed time spent in this place.
 B = Non-inter-level travel time spent in this place.
 C = Inter-level travel time spent in this place.
 D = Time resting spent in this place.
 E = Time spent auto-exploring this place.
 F = Levels seen in this place.
 G = Mean time per level.
                   A        B        C        D        E       F      G
               +--------+--------+--------+--------+--------+-----+--------+
         Total |   5695 |   5470 |    225 |   1057 |   3513 |   7 |  813.6 |
       Dungeon |   5693 |   5469 |    224 |   1057 |   3513 |   6 |  948.8 |
        Temple |      1 |      0 |      1 |      0 |      0 |   1 |    1.0 |
               +--------+--------+--------+--------+--------+-----+--------+

Top non-repeatable levels by time:
     D:1: 1082 daAuts
     D:6: 1079 daAuts
     D:5: 1077 daAuts
     D:4: 1054 daAuts
     D:3: 702 daAuts
     D:2: 697 daAuts
  Temple: 1 daAuts
